TOP OF THE 1ST |
---|
Mississippi State Bulldogs batting - Pitching for Arizona Wildcats : RHP Carl Mason | Pitching: RHP Carl Mason | | Batting: RHB Hunter Hudson | 0-0: Foul Ball, location: 2F 0-1: Foul Ball, location: 2F 0-2: Foul Ball, location: 2F 0-2: Ball 1-2: Foul Ball, location: 2F 1-2: Foul Ball, location: 2F 1-2: Ball 2-2: Ball 3-2: Foul Ball, location: 2F 3-2: Strikes out swinging | Batting: SHB Tom Stewart | 0-0: Foul Ball, location: 2F 0-1: Called Strike 0-2: SOLO HOME RUN (Flyball, 9D), Distance : 370 ft | Batting: RHB Dan Cross | 0-0: Foul Ball, location: 2F 0-1: Foul Ball, location: 2F 0-2: Strikes out looking | Batting: SHB Jessie Teague | 0-0: Ball 1-0: Ball 2-0: Called Strike 2-1: Called Strike 2-2: Ball 3-2: Base on Balls | Batting: RHB Brian Hoover | 0-0: Swinging Strike 0-1: Foul Ball, location: 2F 0-2: Ball 1-2: Strikes out swinging | Top of the 1st over - 1 run, 1 hit, 0 errors, 1 left on base; Mississippi State 1 - Arizona 0 | BOTTOM OF THE 1ST |
---|
Arizona Wildcats batting - Pitching for Mississippi State Bulldogs : LHP Sixto Alberty | Pitching: LHP Sixto Alberty | | Batting: RHB José Luján | 0-0: Swinging Strike 0-1: SINGLE (Groundball, 56D) | Batting: RHB Thomas Bravo | 0-0: Foul Ball, location: 2F 0-1: Ball 1-1: Ball 2-1: Ball 3-1: Grounds into double play, 1-6-3 (Groundball, 13) | Batting: RHB Jon Hartley | 0-0: Called Strike 0-1: Foul Ball, location: 2F 0-2: Ball 1-2: Fly out, F9 (Flyball, 9D) | Bottom of the 1st over - 0 runs, 1 hit, 0 errors, 0 left on base; Mississippi State 1 - Arizona 0 | TOP OF THE 2ND |
---|
Mississippi State Bulldogs batting - Pitching for Arizona Wildcats : RHP Carl Mason | Batting: RHB Ernesto Sánchez | 0-0: Ball 1-0: Ground out 4-3 (Groundball, 4) | Batting: SHB Matthew Hughes | 0-0: Foul Ball, location: 2F 0-1: Foul Ball, location: 2F 0-2: Strikes out swinging | Batting: RHB Héctor Garza | 0-0: Ball 1-0: Ball 2-0: Ball 3-0: SINGLE (Flyball, 7S) | Batting: RHB John O'Brien | 0-0: Called Strike 0-1: Ball 1-1: Ball 2-1: Foul Ball, location: 2F 2-2: Strikes out swinging | Top of the 2nd over - 0 runs, 1 hit, 0 errors, 1 left on base; Mississippi State 1 - Arizona 0 | BOTTOM OF THE 2ND |
---|
Arizona Wildcats batting - Pitching for Mississippi State Bulldogs : LHP Sixto Alberty | Batting: SHB José Acevedo | 0-0: Ball 1-0: Called Strike 1-1: Foul Ball, location: 2F 1-2: Ball 2-2: Ball 3-2: Ground out 1-3 (Groundball, 15S) | Batting: RHB Nate Fisher | 0-0: Called Strike 0-1: Ball 1-1: Swinging Strike 1-2: Strikes out swinging | Batting: RHB Tom Rose | 0-0: Ball 1-0: Called Strike 1-1: Hit by Pitch | Batting: RHB Chris Forrest | 0-0: Ball 1-0: Called Strike 1-1: Ball 2-1: Called Strike 2-2: Strikes out swinging | Bottom of the 2nd over - 0 runs, 0 hits, 0 errors, 1 left on base; Mississippi State 1 - Arizona 0 | TOP OF THE 3RD |
---|
Mississippi State Bulldogs batting - Pitching for Arizona Wildcats : RHP Carl Mason | Batting: RHB Hunter Hudson | 0-0: Ball 1-0: Ball 2-0: Foul Ball, location: 2F 2-1: DOUBLE (Flyball, 8RD) | Batting: SHB Tom Stewart | 0-0: Called Strike 0-1: Ball 1-1: Called Strike 1-2: Fly out, F7 (Line Drive, 7) | Batting: RHB Dan Cross | 0-0: Ball 1-0: Ball 2-0: Ground out U3 (Groundball, 3) Hunter Hudson to third | Batting: SHB Jessie Teague | 0-0: Ball 1-0: Foul Ball, location: 2F 1-1: Foul Ball, location: 2F 1-2: Foul Ball, location: 2F 1-2: Strikes out swinging | Top of the 3rd over - 0 runs, 1 hit, 0 errors, 1 left on base; Mississippi State 1 - Arizona 0 | BOTTOM OF THE 3RD |
---|
Arizona Wildcats batting - Pitching for Mississippi State Bulldogs : LHP Sixto Alberty | Batting: RHB Sergio Genera | 0-0: Ball 1-0: Ball 2-0: Ball 3-0: Called Strike 3-1: Foul Ball, location: 2F 3-2: SINGLE (Groundball, 56D) | Batting: SHB Andrew Walters | 0-0: Foul Ball, location: 2F 0-1: Fly out, F3 (Popup, 3SF) | Batting: RHB José Luján | 0-0: Ball 1-0: Ball 2-0: Fielders Choice at 2nd, 6-4 (Groundball, 6) | Batting: RHB Thomas Bravo | 0-0: Ball José Luján steals 2nd base 1-0: Swinging Strike 1-1: SINGLE (Line Drive, 6MD) José Luján to third Throwing error, E8 José Luján scores Thomas Bravo to second | Batting: RHB Jon Hartley | 0-0: Swinging Strike 0-1: Ball 1-1: Foul Ball, location: 2F 1-2: Foul Ball, location: 2F 1-2: Foul Ball, location: 2F 1-2: Ground out 5-3 (Groundball, 56) | Bottom of the 3rd over - 1 run, 2 hits, 1 error, 1 left on base; Mississippi State 1 - Arizona 1 | TOP OF THE 4TH |
---|
Mississippi State Bulldogs batting - Pitching for Arizona Wildcats : RHP Carl Mason | Batting: RHB Brian Hoover | 0-0: Foul Ball, location: 2F 0-1: Foul Ball, location: 2F 0-2: Ball 1-2: Ball 2-2: Strikes out swinging | Batting: RHB Ernesto Sánchez | 0-0: Called Strike 0-1: Foul Ball, location: 2F 0-2: Ball 1-2: Ball 2-2: Ball 3-2: Base on Balls | Batting: SHB Matthew Hughes | 0-0: Ball 1-0: Called Strike 1-1: 2-RUN HOME RUN (Flyball, 9LD), Distance : 320 ft | Batting: RHB Héctor Garza | 0-0: Foul Ball, location: 2F 0-1: Swinging Strike 0-2: Strikes out looking | Batting: RHB John O'Brien | 0-0: Ball 1-0: Ball 2-0: Ball 3-0: Base on Balls | Batting: RHB Hunter Hudson | 0-0: Called Strike John O'Brien is caught stealing 2nd base | Top of the 4th over - 2 runs, 1 hit, 0 errors, 0 left on base; Mississippi State 3 - Arizona 1 | BOTTOM OF THE 4TH |
---|
Arizona Wildcats batting - Pitching for Mississippi State Bulldogs : LHP Sixto Alberty | Batting: SHB José Acevedo | 0-0: Ball 1-0: Ball 2-0: Called Strike 2-1: Ball 3-1: Base on Balls | Batting: RHB Nate Fisher | 0-0: Ball 1-0: Foul Ball, location: 2F 1-1: Called Strike 1-2: Foul Ball, location: 2F 1-2: Ball 2-2: Foul Ball, location: 2F 2-2: Ball 3-2: SINGLE (Flyball, 89S) José Acevedo to second | Batting: RHB Tom Rose | 0-0: Ball 1-0: Ball 2-0: Ball 3-0: Called Strike 3-1: Base on Balls José Acevedo to third Nate Fisher to second | Batting: RHB Chris Forrest | 0-0: Fly out, F8 (Flyball, 8RM) Runner from 3rd tags up, SCORES, throw made | Batting: RHB Sergio Genera | 0-0: Ball 1-0: Ball 2-0: Called Strike 2-1: Swinging Strike 2-2: Strikes out swinging | Batting: SHB Andrew Walters | 0-0: Ball 1-0: Ball Wild Pitch! Nate Fisher to third Tom Rose to second 2-0: Ball 3-0: Called Strike 3-1: Reached on error, E5 (Groundball, 56) Nate Fisher scores Tom Rose to third | Batting: RHB José Luján | 0-0: Called Strike 0-1: Ball 1-1: Swinging Strike 1-2: Strikes out swinging | Bottom of the 4th over - 2 runs, 1 hit, 1 error, 2 left on base; Mississippi State 3 - Arizona 3 | TOP OF THE 5TH |
---|
Mississippi State Bulldogs batting - Pitching for Arizona Wildcats : RHP Carl Mason | Batting: RHB Hunter Hudson | 0-0: Ball 1-0: Foul Ball, location: 2F 1-1: Foul Ball, location: 2F 1-2: Ball 2-2: Ball 3-2: DOUBLE (Line Drive, 9LD) | Pitching: LHP John Keller | | Batting: SHB Tom Stewart | 0-0: Swinging Strike 0-1: Ball 1-1: Swinging Strike 1-2: Strikes out looking | Batting: RHB Dan Cross | 0-0: Ball 1-0: Ball 2-0: Ball 3-0: Called Strike 3-1: Foul Ball, location: 2F 3-2: Ground out 5-3 (Groundball, 56) | Batting: SHB Jessie Teague | 0-0: Foul Ball, location: 2F 0-1: Ball 1-1: Foul Ball, location: 2F 1-2: Ball 2-2: Foul Ball, location: 2F 2-2: Foul Ball, location: 2F 2-2: Foul Ball, location: 2F 2-2: Strikes out swinging | Top of the 5th over - 0 runs, 1 hit, 0 errors, 1 left on base; Mississippi State 3 - Arizona 3 | BOTTOM OF THE 5TH |
---|
Arizona Wildcats batting - Pitching for Mississippi State Bulldogs : LHP Sixto Alberty | Pitching: RHP Jorge Gómez | | Batting: RHB Thomas Bravo | 0-0: Called Strike 0-1: Ground out 6-3 (Groundball, 6) | Batting: RHB Jon Hartley | 0-0: Ball 1-0: Called Strike 1-1: Ground out 5-3 (Groundball, 5S) | Batting: SHB José Acevedo | 0-0: Ball 1-0: Ball 2-0: Called Strike 2-1: Ball 3-1: Called Strike 3-2: Base on Balls | Batting: RHB Nate Fisher | 0-0: Ball 1-0: Fly out, F3 (Popup, 3S) | Bottom of the 5th over - 0 runs, 0 hits, 0 errors, 1 left on base; Mississippi State 3 - Arizona 3 | TOP OF THE 6TH |
---|
Mississippi State Bulldogs batting - Pitching for Arizona Wildcats : LHP John Keller | Batting: RHB Brian Hoover | 0-0: Called Strike 0-1: Ball 1-1: Foul Ball, location: 2F 1-2: Strikes out looking | Batting: RHB Ernesto Sánchez | 0-0: Swinging Strike 0-1: Ball 1-1: Ball 2-1: Swinging Strike 2-2: SINGLE (Groundball, 6D) | Batting: SHB Matthew Hughes | 0-0: Grounds into double play, 6-4-3 (Groundball, 6) | Top of the 6th over - 0 runs, 1 hit, 0 errors, 0 left on base; Mississippi State 3 - Arizona 3 | BOTTOM OF THE 6TH |
---|
Arizona Wildcats batting - Pitching for Mississippi State Bulldogs : RHP Jorge Gómez | Batting: RHB Tom Rose | 0-0: Ball 1-0: Ball 2-0: Ball 3-0: Called Strike 3-1: Ground out 6-3 (Groundball, 56) | Batting: RHB Chris Forrest | 0-0: Ball 1-0: Swinging Strike 1-1: SINGLE (Groundball, 56D) | Batting: RHB Sergio Genera | 0-0: Called Strike 0-1: Ball 1-1: Foul Ball, location: 2F 1-2: 2-RUN HOME RUN (Flyball, 7D), Distance : 345 ft | Pitching: LHP J.J. Porter | | Batting: SHB Andrew Walters | 0-0: Ball 1-0: SINGLE (Flyball, 7S) | Batting: RHB José Luján | 0-0: SINGLE (Groundball, 23) (infield hit) Andrew Walters to second | Batting: RHB Thomas Bravo | 0-0: Ball 1-0: Ball 2-0: Ball 3-0: Base on Balls Andrew Walters to third José Luján to second | Batting: RHB Jon Hartley | 0-0: Ball 1-0: Ball 2-0: Ball 3-0: Base on Balls Andrew Walters scores José Luján to third Thomas Bravo to second | Batting: SHB José Acevedo | 0-0: SINGLE (Flyball, 7S) José Luján scores Thomas Bravo to third Jon Hartley to second Runner from 3rd tries for Home, SAFE, throw made home | Batting: RHB Nate Fisher | 0-0: Ball 1-0: Foul Ball, location: 2F 1-1: Called Strike 1-2: Ball 2-2: Fielders Choice at 3rd, U5 (Groundball, 5L) José Acevedo to second | Batting: RHB Tom Rose | 0-0: Swinging Strike 0-1: Called Strike 0-2: Ball 1-2: Ball 2-2: Ball 3-2: SINGLE (Line Drive, 78S) José Acevedo to third Nate Fisher to second José Acevedo scores Nate Fisher to third | Pitching: RHP Kenneth Williams | | Batting: RHB Chris Forrest | 0-0: Called Strike 0-1: Swinging Strike 0-2: Foul Ball, location: 2F 0-2: Ball 1-2: Strikes out swinging | Bottom of the 6th over - 6 runs, 6 hits, 0 errors, 2 left on base; Mississippi State 3 - Arizona 9 | TOP OF THE 7TH |
---|
Mississippi State Bulldogs batting - Pitching for Arizona Wildcats : LHP John Keller | Batting: RHB Héctor Garza | 0-0: Ball 1-0: Foul Ball, location: 2F 1-1: Fly out, F9 (Flyball, 89M) | Batting: RHB John O'Brien | 0-0: Ball 1-0: Called Strike 1-1: SINGLE (Groundball, 4MD) | Batting: RHB Hunter Hudson | 0-0: Called Strike 0-1: Swinging Strike 0-2: Foul Ball, location: 2F 0-2: Strikes out swinging | Batting: SHB Tom Stewart | 0-0: Ball John O'Brien steals 2nd base 1-0: Called Strike 1-1: Ball 2-1: Swinging Strike 2-2: Ball 3-2: Base on Balls | Batting: RHB Dan Cross | 0-0: Ball 1-0: Ball 2-0: Ball 3-0: Called Strike 3-1: Fly out, F7 (Flyball, 7) | Top of the 7th over - 0 runs, 1 hit, 0 errors, 2 left on base; Mississippi State 3 - Arizona 9 | BOTTOM OF THE 7TH |
---|
Arizona Wildcats batting - Pitching for Mississippi State Bulldogs : RHP Kenneth Williams | Batting: RHB Sergio Genera | 0-0: SINGLE (Line Drive, 78S) | Batting: SHB Andrew Walters | 0-0: Called Strike 0-1: Foul Ball, location: 2F 0-2: SINGLE (Flyball, 7LS) Sergio Genera to second | Batting: RHB José Luján | 0-0: Ground out 5-3 (Groundball, 56S) Sergio Genera to third Andrew Walters to second | Batting: RHB Thomas Bravo | 0-0: Foul Ball, location: 2F 0-1: Ball 1-1: Ball 2-1: Foul Ball, location: 2F 2-2: SINGLE (Groundball, 56D) Sergio Genera scores Andrew Walters to third Runner from 3rd tries for Home, SAFE, throw made home | Batting: RHB Jon Hartley | 0-0: Ball Wild Pitch! Thomas Bravo to second 1-0: Swinging Strike 1-1: Called Strike 1-2: Strikes out swinging | Batting: SHB José Acevedo | 0-0: Swinging Strike 0-1: Ball 1-1: Ground out 5-3 (Groundball, 56S) | Bottom of the 7th over - 2 runs, 3 hits, 0 errors, 1 left on base; Mississippi State 3 - Arizona 11 | TOP OF THE 8TH |
---|
Mississippi State Bulldogs batting - Pitching for Arizona Wildcats : LHP John Keller | Batting: SHB Jessie Teague | 0-0: Ball 1-0: Ball 2-0: Called Strike 2-1: SINGLE (Groundball, 34D) | Batting: RHB Brian Hoover | 0-0: Called Strike 0-1: Ball 1-1: Foul Ball, location: 2F 1-2: Foul Ball, location: 2F 1-2: Strikes out swinging | Pitching: RHP Mike Meadows | | Batting: RHB Ernesto Sánchez | 0-0: Called Strike 0-1: Called Strike 0-2: Ball 1-2: Fly out, F5 (Line Drive, 5L) | Batting: SHB Matthew Hughes | 0-0: Ball 1-0: Called Strike 1-1: Called Strike 1-2: Foul Ball, location: 2F 1-2: Ball 2-2: Strikes out looking | Top of the 8th over - 0 runs, 1 hit, 0 errors, 1 left on base; Mississippi State 3 - Arizona 11 | BOTTOM OF THE 8TH |
---|
Arizona Wildcats batting - Pitching for Mississippi State Bulldogs : RHP Kenneth Williams | Batting: RHB Nate Fisher | 0-0: Ball 1-0: Ground out 1-3 (Groundball, P) | Batting: RHB Tom Rose | 0-0: Called Strike 0-1: Ball 1-1: Foul Ball, location: 2F 1-2: Ball 2-2: Ball 3-2: Fly out, F6 (Popup, P) | Batting: RHB Chris Forrest | 0-0: Ball 1-0: SINGLE (Flyball, 78S) | Batting: RHB Sergio Genera | 0-0: Ball 1-0: Ground out 5-3 (Groundball, 5S) | Bottom of the 8th over - 0 runs, 1 hit, 0 errors, 1 left on base; Mississippi State 3 - Arizona 11 | TOP OF THE 9TH |
---|
Mississippi State Bulldogs batting - Pitching for Arizona Wildcats : RHP Mike Meadows | Now in LF: Reginald Stokes | | Batting: RHB Héctor Garza | 0-0: Swinging Strike 0-1: Swinging Strike 0-2: Ball 1-2: Strikes out looking | Batting: RHB John O'Brien | 0-0: Ball 1-0: Ball 2-0: Ball 3-0: Base on Balls | Batting: RHB Hunter Hudson | 0-0: Ball 1-0: Ball 2-0: Ball 3-0: Base on Balls John O'Brien to second | Batting: SHB Tom Stewart | 0-0: Called Strike 0-1: Fly out, F6 (Flyball, 56D) | Batting: RHB Dan Cross | 0-0: DOUBLE (Line Drive, 7LS) John O'Brien scores Hunter Hudson to third | Batting: SHB Jessie Teague | 0-0: SINGLE (Groundball, 6MD) Hunter Hudson scores Dan Cross to third | Batting: RHB Brian Hoover | 0-0: Called Strike 0-1: Swinging Strike 0-2: Ball 1-2: Foul Ball, location: 2F 1-2: Ball 2-2: Foul Ball, location: 2F 2-2: Strikes out looking | Top of the 9th over - 2 runs, 2 hits, 0 errors, 2 left on base; Mississippi State 5 - Arizona 11 | |